 Dungeon Crawl Stone Soup version 0.19.0-19-g8c6edcc (webtiles) character file.

66 Minion the Grave Robber (level 3, 0/24 HPs)
             Began as a Mummy Necromancer on Nov 14, 2016.
             Slain by a gnoll (9 damage)
             ... on level 4 of the Dungeon.
             The game lasted 00:05:48 (1685 turns).

Minion the Grave Robber (Mummy Necromancer)         Turns: 1685, Time: 00:05:49

Health: 0/24       AC:  1    Str: 11    XL:     3   Next: 96%
Magic:  0/7        EV: 11    Int: 15    God:
Gold:   42         SH:  0    Dex: 12    Spells: 1 memorised, 6 levels left

rFire  x . .     SeeInvis .     (no weapon)
rCold  + . .     Gourm    .     h - +1 leather armour {MR+}
rNeg   + + +     Faith    .     (no shield)
rPois  ∞         Spirit   .     (no helmet)
rElec  .         Reflect  .     (no cloak)
rCorr  .         Harm     .     (no gloves)
MR     +....                    (no boots)
Stlth  ++........               (no amulet)
                                g - ring of positive energy
                                e - -3 ring of protection (curse)

@: no status effects
A: no food or potions, fire vulnerability, cold resistance 1, negative energy
resistance 3, torment resistance, unbreathing
a: no special abilities


You were on level 4 of the Dungeon.
You were not hungry.

You visited 1 branch of the dungeon, and saw 4 of its levels.

You collected 42 gold pieces.

Inventory:

Armour
 h - a +1 leather armour of magic resistance (worn)
Jewellery
 e - a cursed -3 ring of protection (left hand)
 g - a ring of positive energy (right hand)
Scrolls
 c - a scroll of blinking {unknown}
 d - a scroll of enchant armour {unknown}
 f - a scroll of noise {unknown}
Books
 b - a book of Necromancy

   Spells                             Type                      Level
   a - Pain                           Necromancy                   1
   b - Animate Skeleton               Necromancy                   1
   c - Vampiric Draining              Necromancy                   3
   d - Regeneration                   Charms/Necromancy            3
   e - Animate Dead                   Necromancy                   4
   f - Control Undead                 Necromancy                   4


   Skills:
 + Level 1.7 Dodging
 + Level 1.8 Stealth
 + Level 0.7 Unarmed Combat
 + Level 2.7 Spellcasting
 + Level 4.8 Necromancy


You had 6 spell levels left.
You knew the following spells:

 Your Spells              Type           Power        Failure   Level  Hunger
a - Pain                  Necr           ###.         4%          1    N/A

Dungeon Overview and Level Annotations

Branches:
Dungeon (4/15)
 Temple: D:4-7

Altars:
Qazlal

Annotations:
D:4 Sigmund


Innate Abilities, Weirdness & Mutations

You do not eat or drink.
Your flesh is vulnerable to fire.
You are immune to poison.
Your flesh is cold resistant. (rC+)
You are immune to negative energy. (rN+++)
You are immune to unholy pain and torment.
You can survive without breathing.


Message History

The gnoll barely misses you.
You barely miss the gnoll.
The gnoll is lightly wounded.
The gnoll hits you.
You see here a +0 robe.
Casting: Pain
Confirm with . or Enter, or press ? or * to list all spells.
Aiming: Pain
Press: ? - help, Shift-Dir - straight line, f - gnoll
Aim: a gnoll (lightly wounded, chance to defeat MR: 81%)
The gnoll writhes in agony!
The gnoll barely misses you.
You see here a chunk of flesh.
There is a stone staircase leading up here.
Casting: Pain
Confirm with . or Enter, or press ? or * to list all spells.
Aiming: Pain
Press: ? - help, Shift-Dir - straight line, f/p - gnoll
Aim: a gnoll (heavily wounded, chance to defeat MR: 81%)
The gnoll writhes in agony!
The gnoll hits you!
You die...

#... #.#.....# .<.
#.#...### #..
#.###.# #.# #.....#
#g# ####..# #g#
###..### #.#
#......#
#.#######%####.#
#..))...[)#@g#.#
#######...#....#
#.#.########
########.#.........
#........##########
#####........#
.........!..##
............#
............#


You could see a gnoll.

Vanquished Creatures
  2 gnolls (D:4)
  An adder (D:2)
  2 oozes
  An adder skeleton (D:4)
  A dart slug (D:2)
  2 orcs
  A bat (D:1)
  2 giant cockroaches
  4 goblins
  A hobgoblin (D:3)
  A quokka (D:3)
  5 frilled lizards
  A leopard gecko skeleton (D:4)
  A rat (D:2)
25 creatures vanquished.

Notes
Turn   | Place    | Note
-------+----------+-------------------------------------------
     0 | D:1      | Minion the Mummy Necromancer began the quest for the Orb.
     0 | D:1      | Reached XP level 1. HP: 13/13 MP: 3/3
   321 | D:2      | Reached XP level 2. HP: 19/19 MP: 0/5
   471 | D:2      | Found a stormy altar of Qazlal.
   676 | D:3      | Reached XP level 3. HP: 19/24 MP: 0/6
  1009 | D:4      | Noticed Sigmund
  1685 | D:4      | Slain by a gnoll

Action                   || total
-------------------------++-------
Melee: Unarmed           ||    53
 Cast: Pain              ||    56
Armor: Robe              ||    15
       Leather armour    ||     1
Dodge: Dodged            ||    64
